 Dungeon Crawl Stone Soup version 0.30.0-17-ge0270778cf (webtiles) character file.

Game seed: 8635474035140211846

79122 McKennaii the Devastator (level 14, -14/93 HPs)
             Began as a Demigod Conjurer on May 22, 2023.
             Shot with an arrow by a centaur warrior (17 damage)
             ... on level 13 of the Dungeon.
             The game lasted 00:59:33 (32514 turns).

McKennaii the Devastator (Demigod Conjurer)        Turns: 32514, Time: 00:59:33

Health: -14/93     AC: 30    Str: 24    XL:     14   Next: 79%
Magic:  20/39      EV: 17    Int: 40    God:
Gold:   1415       SH:  5    Dex:  9    Spells: 22/44 levels left

rFire   + + +        Z - +5 war axe of the Shouting Coward {venom, Str+6 Stlth-}
rCold   . . .        (no shield)
rNeg    . . .        W - +10 plate armour "Azybul" {rF+++ Str-2 Dex-3 Slay+3}
rPois   .            O - +1 hat
rElec   .            a - +0 cloak {rCorr}
rCorr   +            F - +1 pair of gloves of the Orb {Str+6}
SInv    .            V - +1 pair of boots
Will    +....        o - amulet of Balush {Reflect +Blink Str+6 Int-2 SH+5} Stlth
                     H - +6 ring of intelligence
HPRegen 0.35/turn    R - ring of the Hare {EV+10}
MPRegen 0.26/turn

%: reflection
@: very slightly contaminated
A: high MP 1, forlorn, divine attributes, fangs 1, hooves 1, horns 1, no potion
heal 1
a: Evoke Blink


You were on level 13 of the Dungeon.
You visited 2 branches of the dungeon, and saw 18 of its levels.
You also visited: Sewer.

You collected 1512 gold pieces.
You spent 97 gold pieces at shops.

Inventory:

Hand Weapons
 S - the +6 rapier of Ulotaevo {flame, rC+ Int+2 Stlth+}
   (You found it on level 3 of the Lair of Beasts)

   Int:       It affects your intelligence (+2).
   rC:        It protects you from cold.
   Stlth:     It makes you more stealthy.
 Z - the +5 war axe of the Shouting Coward (weapon) {venom, Str+6 Stlth-}
   (You found it on level 12 of the Dungeon)

   Str:       It affects your strength (+6).
   Stlth:     It makes you less stealthy.
Armour
 a - a +0 cloak of preservation (worn)
 E - a +2 helmet
 F - the +1 pair of gloves of the Orb (worn) {Str+6}
   (You found it on level 9 of the Dungeon)

   Str:       It affects your strength (+6).
 I - a +1 robe of fire resistance
 L - a +2 scale mail of fire resistance
 O - a +1 hat (worn)
 V - a +1 pair of boots (worn)
 W - the +10 plate armour "Azybul" (worn) {rF+++ Str-2 Dex-3 Slay+3}
   (You found it on level 5 of the Lair of Beasts)

   Str:       It affects your strength (-2).
   Dex:       It affects your dexterity (-3).
   Slay:      It affects your accuracy & damage with ranged weapons and melee
   (+3).
   rF:        It renders you almost immune to fire.
Magical Staves
 v - the staff of air "Nenilifog" {rElec rPois Str+2}
   (You found it on level 5 of the Dungeon)

   [staff of air]

   Base accuracy: +5 Base damage: 5 Base attack delay: 1.2 This weapon's minimum
   attack delay (0.6) is reached at skill level 12.
   Str:       It affects your strength (+2).
   rElec:     It insulates you from electricity.
   rPois:     It protects you from poison.
   It falls into the 'Staves' category.
   It is a one-handed weapon.
Jewellery
 o - the amulet of Balush (around neck) {Reflect +Blink Str+6 Int-2 SH+5}
   (You found it on level 12 of the Dungeon)

   [amulet of reflection]

   It reflects blocked missile attacks.
   Str:       It affects your strength (+6).
   Int:       It affects your intelligence (-2).
   +Blink:    It lets you blink.
   SH:        It affects your SH (+5).
 p - a ring of protection from cold
 s - a ring of wizardry
 A - a ring of positive energy
 C - a ring of resist corrosion
 H - a +6 ring of intelligence (left hand)
 Q - a ring of willpower
 R - the ring of the Hare (right hand) {EV+10}
   (You found it on level 12 of the Dungeon)

   [ring of evasion]

   EV:        It affects your evasion (+10).
 U - an amulet of the acrobat
Wands
 x - a wand of roots (6)
 y - a wand of paralysis (15)
 D - a wand of polymorph (15)
 Y - a wand of quicksilver (7)
Scrolls
 d - 5 scrolls of blinking
 f - 4 scrolls of teleportation
 h - 3 scrolls of noise
 j - a scroll of silence
 k - 6 scrolls of vulnerability
 m - 2 scrolls of torment
 q - a scroll of summoning
 r - 5 scrolls of enchant armour
 t - a scroll of amnesia
 u - 2 scrolls of immolation
 G - 5 scrolls of magic mapping
 M - 3 scrolls of poison
 N - 2 scrolls of enchant weapon
 P - a scroll of brand weapon
 X - 2 scrolls of identify
Potions
 b - 3 potions of magic
 c - 3 potions of resistance
 e - 2 potions of lignification
 g - 7 potions of heal wounds
 i - a potion of might
 l - a potion of attraction
 n - 2 potions of flight
 w - 2 potions of haste
 z - a potion of mutation
 B - 2 potions of brilliance
 J - 2 potions of curing
 K - 2 potions of ambrosia
 T - a potion of invisibility


   Skills:
 + Level 7.6 Armour
 - Level 1.7 Dodging
 - Level 1.7 Stealth
 + Level 15.7 Spellcasting
 + Level 17.2 Conjurations


You had 22 spell levels left.
You knew the following spells:

 Your Spells              Type           Power      Damage    Failure   Level
a - Magic Dart            Conj           100%       1d8       0%          1
b - Searing Ray           Conj           100%       2d8       0%          2
c - Iskenderun's Mystic   Conj/Tloc      79%        2d16      3%          4
d - Stone Arrow           Conj/Erth      100%       3d13      1%          3
e - Orb of Destruction    Conj           53%        9d13      9%          7
f - Freezing Cloud        Conj/Ice/Air   33%        6-21      32%         5

Your spell library contained the following spells:

 Spells                   Type           Power      Damage    Failure   Level
 Dazzling Flash           Conj/Hex       100%       N/A       1%          3
 Hailstorm                Conj/Ice       79%        3d16      1%          3
 Mephitic Cloud           Conj/Pois/Air  67%        N/A       3%          3
 Fulminant Prism          Conj/Hex       39%        3d18      3%          4
 Sticky Flame             Conj/Fire      79%        2d9       3%          4
 Irradiate                Conj/Tmut      39%        3d24      11%         5
 Apportation              Tloc           62%        N/A       13%         1
 Freeze                   Ice            100%       1d10      13%         1
 Sandblast                Erth           62%        2d14      13%         1
 Slow                     Hex            100%       N/A       13%         1
 Blink                    Tloc           62%        N/A       19%         2
 Cigotuvi's Dreadful Rot  Necr/Pois/Air  62%        N/A       19%         2
 Passwall                 Tmut/Erth      25%        N/A       19%         2
 Poisonous Vapours        Pois/Air       62%        N/A       19%         2
 Sublimation of Blood     Necr           31%        N/A       19%         2
 Confusing Touch          Hex            31%        N/A       36%         3
 Frozen Ramparts          Ice            62%        1d10      36%         3
 Ignite Poison            Fire/Tmut/Pois 31%        N/A       36%         3
 Summon Guardian Golem    Hex/Summ       31%        N/A       36%         3
 Vampiric Draining        Necr           31%        2d8       36%         3
 Volatile Blastmotes      Fire/Tloc      62%        2d15      36%         3
 Cause Fear               Hex            15%        N/A       77%         4
 Ice Form                 Ice/Tmut       31%        N/A       77%         4
 Manifold Assault         Tloc           31%        N/A       77%         4
 Olgreb's Toxic Radiance  Pois           31%        N/A       77%         4
 Petrify                  Tmut/Erth      31%        N/A       77%         4
 Spellforged Servitor     Conj/Summ      39%        N/A       97%         7
 Alistair's Intoxication  Tmut/Pois      20%        N/A       98%         5
 Lee's Rapid Deconstruct  Erth           15%        3d10*     98%         5
 Simulacrum               Ice/Necr       15%        N/A       100%        6
 Dragon Form              Tmut           15%        N/A       100%        7
 Storm Form               Tmut/Air       15%        N/A       100%        7
 Discord                  Hex            15%        N/A       100%        8
 Ignition                 Fire           15%        3d6       100%        8
 Dragon's Call            Summ           15%        N/A       100%        9


Dungeon Overview and Level Annotations

Branches:
Dungeon (13/15)            Temple (0/1) D:4            Lair (5/5) D:10
 Shoals (0/4) Lair:2        Snake (0/4) Lair:2        Slime (0/5) Lair:5
    Orc (0/2) D:12          Sewer (visited)
 Vaults: D:13-14

Shops:
D:5 [   D:12 ?

Portals:
Trove: D:11 (give hood of the Assassin)

Annotations:
D:11 exclusion: 4 oklob plants


Innate Abilities, Weirdness & Mutations

You have an increased reservoir of magic. (+10% MP)
You shall have no god before yourself.
Your divine heritage dramatically boosts your attributes as you level up.
You have very sharp teeth.
You have large cloven feet.
You have a pair of small horns on your head.
Potions are less effective at restoring your health.


Message History

You miscast Freezing Cloud.
You are very lightly contaminated with residual magic.
Sparks fly from your hands!
The centaur warrior is engulfed in freezing vapours.
The centaur warrior shoots an arrow.
The arrow hits you but does no damage.
You are electrocuted!
The centaur warrior is engulfed in freezing vapours.
Unknown command.
Casting: Freezing Cloud (dangerous; 32% risk of failure)
Confirm with . or Enter, or press ? or * to list all spells.
Aiming: Freezing Cloud (dangerous; 32% risk of failure)
Press: ? - help, Dir - move target, f - centaur warrior
Aim: a centaur warrior, wielding a +2 longbow of electrocution (moderately wounded)
You miscast Freezing Cloud.
Nothing appears to happen.
Unknown command.
Unknown command.
Unknown command.
Okay, then.
Casting: Freezing Cloud (dangerous; 32% risk of failure)
Confirm with . or Enter, or press ? or * to list all spells.
Aiming: Freezing Cloud (dangerous; 32% risk of failure)
Press: ? - help, Dir - move target, f/p - centaur warrior
Aim: a centaur warrior, wielding a +2 longbow of electrocution (moderately wounded) That beam is likely to hit you.
Continue anyway?
Okay, then.
Unknown command.
Casting: Freezing Cloud (dangerous; 32% risk of failure)
Confirm with . or Enter, or press ? or * to list all spells.
Aiming: Freezing Cloud (dangerous; 32% risk of failure)
Press: ? - help, Dir - move target, f/p - centaur warrior
Aim: a centaur warrior, wielding a +2 longbow of electrocution (moderately wounded) That beam is likely to hit you.
Continue anyway?
You miscast Freezing Cloud.
The air around you crackles with energy!
* * * LOW HITPOINT WARNING * * *
The centaur warrior shoots an arrow.
The arrow hits you!
* * * LOW HITPOINT WARNING * * *
The centaur warrior shoots an arrow.
The arrow hits you but does no damage.
You are electrocuted!
You die...

...................
..............#..... #..
.........######....##§§#
........## ##......§§§.
..###.#### ##.......§§§.
.........###............
...#†.............c.....
....##.#................
.##.##.#..##....@..>....
###.....................
##...#######............
.#.#.# ##...(.......
.....### ##.....#....
.....[.## ###.#######
..###...#### #.#
.....).....## ...
######.#...... ..#


You could see a centaur warrior.

Vanquished Creatures
  Rupert (Lair:4)
  Gastronok (D:8)
  The ghost of opiumtea the Warrior, a journeyman KoBe of Trog (Lair:5)
  A dire elephant (Lair:5)
  A rakshasa (D:12)
  A catoblepas (Lair:5)
  2 hydras
  2 boulder beetles
  2 centaur warriors
  A deep troll shaman (Lair:5)
  4 two-headed ogres
  6 death yaks (Lair:5)
  A fire crab (Lair:2)
  4 skeletal warriors (D:12)
  2 skysharks (Lair:3)
  A flayed ghost (D:12)
  3 lindwurms (Lair:2)
  An orc knight (D:11)
  2 ugly things (D:11)
  2 oklob plants
  A cyclops (D:12)
  5 manticores
  2 merfolk sirens (Lair:2)
  4 black mambas
  27 elephants
  2 torpor snails
  A gargoyle (D:10)
  5 rime drakes
  2 freezing wraiths
  13 cane toads
  4 unseen horrors
  8 komodo dragons
  4 kobold demonologists
  A tengu conjurer (D:12)
  An efreet (D:13)
  2 burning bushes (Lair:3)
  2 merfolk (Lair:2)
  6 trolls
  A queen bee (D:11)
  2 polar bears (Lair:5)
  2 hornets
  Prince Ribbit (D:8)
  23 blink frogs
  4 wyverns
  A spriggan (Lair:5)
  3 shadows
  3 vampires
  4 wraiths
  49 yaks
  5 slime creatures
  6 basilisks
  2 steam dragons
  Menkaure (D:6)
  6 vampire mosquitoes
  7 nagas (Lair:2)
  An acid dragon (D:10)
  The ghost of Fymir27 the Shooter, an amateur KoHs (D:3)
  12 water moccasins
  3 sky beasts (D:7)
  7 orc warriors
  An ice beast (D:7)
  3 black bears
  A swamp drake (D:12)
  2 ogres
  A boggart (Lair:5)
  A phantom (D:7)
  8 centaurs
  34 wolves
  8 kobold brigands
  13 bullfrogs
  A gnoll sergeant (D:11)
  3 scorpions
  6 wights
  45 killer bees
  An electric eel (Lair:1)
  4 howler monkeys
  A centaur zombie (D:3)
  9 orc priests
  A bullfrog skeleton (D:3)
  A gnoll bouda (D:9)
  2 hounds
  4 jellies
  3 iron imps (D:8)
  A sleepcap (D:7)
  9 orc wizards
  4 iguanas
  A mummy (D:3)
  8 gnolls
  10 adders
  2 white imps
  2 ufetubi
  4 dart slugs
  34 orcs
  10 ball pythons
  7 endoplasms
  13 giant cockroaches
  4 goblins
  6 hobgoblins
  6 jackals
  9 quokkas
  3 bats
  9 frilled lizards
  22 kobolds
  3 rats
593 creatures vanquished.

Notes
Turn   | Place    | Note
-------+----------+-------------------------------------------
     0 | D:1      | McKennaii the Demigod Conjurer began the quest for the Orb.
     0 | D:1      | Reached XP level 1. HP: 14/14 MP: 5/5
   348 | D:1      | Reached XP level 2. HP: 20/20 MP: 1/7
   499 | D:1      | Learned a level 2 spell: Searing Ray
  1184 | D:2      | Reached skill level 4 in Conjurations
  1500 | D:2      | Reached XP level 3. HP: 26/26 MP: 1/9
  2088 | D:3      | Found a glowing drain.
  2190 | D:3      | Reached XP level 4. HP: 33/33 MP: 3/11
  2252 | Sewer    | Entered a sewer
  2810 | Sewer    | Noticed a bullfrog
  2811 | Sewer    | Noticed a bullfrog
  2814 | Sewer    | Killed a bullfrog
  2815 | Sewer    | Reached skill level 5 in Conjurations
  2815 | Sewer    | Reached XP level 5. HP: 37/38 MP: 6/13
  3424 | D:3      | Found a transporter.
  3425 | D:3      | Noticed Fymir27's ghost (amateur KoHs)
  3540 | D:3      | Found a transporter.
  3973 | D:4      | Learned a level 4 spell: Iskenderun's Mystic Blast
  4082 | D:4      | Found a staircase to the Ecumenical Temple.
  4261 | D:4      | Noticed an ogre
  4267 | D:4      | Killed an ogre
  4268 | D:4      | Reached XP level 6. HP: 20/45 MP: 7/15
  4426 | D:5      | Entered Level 5 of the Dungeon
  4834 | D:5      | Identified the staff of air "Nenilifog" {rElec rPois Str+2}
  4986 | D:5      | Reached skill level 6 in Conjurations
  5264 | D:5      | Found Asey's Antique Armour Shoppe.
  5317 | D:6      | Reached XP level 7. HP: 50/50 MP: 8/17
  5329 | D:6      | Reached skill level 5 in Spellcasting
  6315 | D:6      | Noticed Menkaure
  6320 | D:6      | Killed Menkaure
  6321 | D:6      | Reached skill level 7 in Conjurations
  6565 | D:6      | Reached XP level 8. HP: 30/57 MP: 15/21
  6911 | D:7      | Reached skill level 8 in Conjurations
  7203 | D:7      | Noticed a slime creature
  7224 | D:6      | Killed a slime creature
  7399 | D:7      | Reached XP level 9. HP: 57/62 MP: 8/24
  7454 | D:7      | Reached skill level 9 in Conjurations
  8542 | D:3      | Killed Fymir27's ghost
  8795 | D:8      | Noticed a two-headed ogre
  8807 | D:8      | Killed a two-headed ogre
  8808 | D:8      | Reached skill level 10 in Conjurations
  8912 | D:8      | Noticed Gastronok
  8920 | D:8      | Learned a level 5 spell: Freezing Cloud
  8933 | D:9      | Identified the +1 pair of gloves of the Orb {Str+6}
  9226 | D:8      | Reached XP level 10. HP: 60/69 MP: 3/27
  9386 | D:8      | Identified the +0 robe "Saoge" {Str+2}
  9911 | D:8      | Noticed Prince Ribbit
  9920 | D:8      | Killed Prince Ribbit
 10014 | D:9      | Reached skill level 11 in Conjurations
 10832 | D:9      | Reached skill level 10 in Spellcasting
 11093 | D:8      | Killed Gastronok
 11592 | D:10     | Entered Level 10 of the Dungeon
 11680 | D:10     | Identified the +0 plate armour of Plasticity {Int+3}
 11712 | D:10     | Found a staircase to the Lair.
 11763 | D:10     | Reached skill level 12 in Conjurations
 11764 | D:10     | Reached XP level 11. HP: 41/74 MP: 1/30
 12201 | D:10     | Gained mutation: You have hidden genetic potential. [potion
                  | of mutation]
 12201 | D:10     | Gained mutation: You have a pair of small horns on your
                  | head. [potion of mutation]
 12201 | D:10     | Gained mutation: Potions are less effective at restoring
                  | your health. [potion of mutation]
 12506 | D:10     | Identified the staff of conjuration "Juofen" {Fragile rN+
                  | Stlth+}
 13442 | D:11     | Noticed a two-headed ogre
 13448 | D:11     | Noticed a two-headed ogre
 13448 | D:11     | Noticed a boulder beetle
 13652 | D:11     | Noticed a centaur warrior
 13664 | D:11     | Killed a centaur warrior
 13999 | D:12     | Reached skill level 13 in Conjurations
 15507 | D:11     | Noticed a two-headed ogre
 15580 | D:11     | Killed a two-headed ogre
 15581 | D:11     | Reached XP level 12. HP: 81/81 MP: 12/33
 16252 | D:10     | Gained mutation: You have large cloven feet. [hidden
                  | potential]
 16419 | D:11     | Reached skill level 14 in Conjurations
 17267 | D:12     | Found Ninaruk's Magic Scroll Shop.
 17271 | D:12     | Bought a scroll of magic mapping for 97 gold pieces
 17279 | D:12     | Found a runed translucent door.
 17280 | D:12     | Noticed a centaur warrior
 17285 | D:12     | Found the ring of the Hare {EV+10}
 17286 | D:12     | Noticed a rakshasa
 17286 | D:12     | Identified the +4 mace of Anguish {pain, *Slow rN++ Will+++
                  | Int+3}
 17545 | Lair:1   | Entered Level 1 of the Lair of Beasts
 18746 | Lair:1   | Identified the +8 short sword of Doanip {flame, Str+2
                  | Int+3}
 18756 | Lair:1   | You fall into a shaft and drop 1 floor!
 18756 | Lair:2   | Found a staircase to the Snake Pit.
 19722 | Lair:1   | Reached skill level 15 in Conjurations
 19827 | Lair:1   | Learned a level 7 spell: Orb of Destruction
 20089 | Lair:1   | Noticed a five-headed hydra
 20093 | Lair:1   | Killed a five-headed hydra
 20179 | Lair:1   | Learned a level 3 spell: Stone Arrow
 20506 | Lair:2   | Reached XP level 13. HP: 86/86 MP: 21/35
 20613 | Lair:1   | Gained mutation: You have very sharp teeth. [hidden
                  | potential]
 20613 | Lair:1   | Lost mutation: You have hidden genetic potential. [hidden
                  | potential expressed]
 21987 | Lair:2   | Found a staircase to the Shoals.
 22385 | Lair:3   | Identified the +5 sling of the Transmuting Spider {heavy,
                  | Str+3 Dex+3 Stlth+}
 22440 | Lair:3   | Reached skill level 1 in Armour
 23425 | Lair:3   | Identified the +6 rapier of Ulotaevo {flame, rC+ Int+2
                  | Stlth+}
 23557 | Lair:3   | Reached skill level 16 in Conjurations
 24527 | Lair:4   | Noticed Rupert
 24544 | Lair:5   | Entered Level 5 of the Lair of Beasts
 25498 | Lair:4   | Killed Rupert
 26635 | Lair:5   | Found a staircase to the Slime Pits.
 26677 | Lair:5   | Reached skill level 5 in Armour
 26677 | Lair:5   | Reached XP level 14. HP: 58/93 MP: 21/38
 26908 | Lair:5   | Reached skill level 15 in Spellcasting
 28175 | Lair:5   | Identified the +10 plate armour "Azybul" {rF+++ Str-2 Dex-3
                  | Slay+3}
 28360 | Lair:5   | Found a runed translucent door.
 28465 | Lair:5   | Noticed opiumtea's ghost (journeyman KoBe)
 28466 | Lair:5   | Identified the +2 trident "Fezec Taohe" {venom, rF++}
 28741 | Lair:5   | Identified the +3 short sword "Doah" {speed, rElec rPois}
 28959 | Lair:5   | Killed opiumtea's ghost
 29406 | D:11     | Found a portal to a secret trove of treasure.
 29699 | D:12     | Reached skill level 17 in Conjurations
 29744 | D:12     | Identified the +5 war axe of the Shouting Coward {venom,
                  | Str+6 Stlth-}
 30554 | D:12     | Identified the +9 falchion of Ragnarok {flame, Str+5}
 30721 | D:12     | Found a staircase to the Orcish Mines.
 31639 | D:12     | Identified the +6 chain mail "Jutyes" {+Inv Regen+ Str-3
                  | SInv}
 31641 | D:12     | Identified the amulet of Balush {Reflect +Blink Str+6 Int-2
                  | SH+5}
 32514 | D:13     | HP: 3/93 [centaur warrior/arrow (13)]
 32514 | D:13     | Shot with an arrow by a centaur warrior

Illustrated notes

Levels and vault maps discovered:
D:1:      wander_arrival_chamber, layout_loops_ring,
          nicolae_ecumenical_lake_church, minmay_misc_feat_nine_boxes,
          nicolae_titane
D:2:      layout_loops_ring
D:3:      layout_basic, gammafunk_ghost_mausoleum, portal_sewer_entry_f
D:4:      layout_basic, lemuel_tele_altar, minmay_temple_entry_statues_pillars
D:5:      layout_basic, serial_shops, nicolae_lakefront_shop,
          hangedman_abyss_or_decor_stagger
D:6:      layout_basic, nicolae_gozag_seed_capital, minmay_overflow_temple_hex,
          uniq_menkaure
D:7:      cheibrodos_fzero, layout_basic
D:8:      layout_basic, xom_teletrap_fun, demons_altar, uniq_gastronok,
          uniq_prince_ribbit1
D:9:      layout_stronghold
D:10:     minmay_inner_zag, layout_basic, dpeg_oklobed_lair, enter_bailey_2,
          dk_vineyard_1
D:11:     hangedman_what_comes_after_a, layout_cross,
          nicolae_trove_entry_isolated, nicolae_figureground_pulse
D:12:     layout_roguey, erik_orc_1, serial_shops, nicolae_shop_trees,
          minmay_st_funbox, minivault_1
D:13:     layout_rooms
Lair:1:   cheibrodos_lair_river_kwai, layout_gridlike,
          grunt_forest_large_clearings
Lair:2:   layout_roguey, elwin_shoals_entry_stream,
          minmay_snake_entry_guardpost_large, wad_woods_road_02,
          nicolae_lair_lindhole
Lair:3:   layout_chaotic_city, evilmike_ambush [evilmike_ambush_outer_doors,
          evilmike_ambush_inner_basic], grunt_megastairs_4
Lair:4:   layout_concentric_octagons, minmay_lair_oklob_bushes,
          grunt_forest_large_clearing_hut, uniq_rupert
Lair:5:   grunt_lair_end_beastmaster, layout_long_grid, slime_entry_1,
          basic_altar, ebering_ghost_funeral_grove,
          chequers_serial_rivers_large_b, serial_bayou_crossing

Skill      XL: |  1  2  3  4  5  6  7  8  9 10 11 12 13 14 |
---------------+-------------------------------------------+-----
Spellcasting   | 2 3 4 6 7 9 10 12 13 14 15 | 15.7
Conjurations   | 4 5 6 7 8 10 12 13 15 16 17 | 17.2
Armour         | 5 7 |  7.6
Dodging        | |  1.7
Stealth        | |  1.7

Action                     |  1- 3 |  4- 6 |  7- 9 | 10-12 | 13-15 || total
---------------------------+-------+-------+-------+-------+-------++-------
  Melee: Unarmed           |    21 |       |       |       |       ||    21
         Staff             |       |       |     2 |    26 |       ||    28
         Headbutt          |       |       |       |     1 |     1 ||     2
         Kick              |       |       |       |     1 |       ||     1
         Bite              |       |       |       |       |     2 ||     2
         Rapier            |       |       |       |       |     1 ||     1
         War axe           |       |       |       |       |     8 ||     8
         Punch             |       |       |       |       |     1 ||     1
   Cast: Magic Dart        |    77 |   105 |    62 |   162 |     6 ||   412
         Searing Ray       |     2 |    11 |    49 |   135 |     7 ||   204
         Iskenderun's Myst |       |       |    30 |   208 |   112 ||   350
         Freezing Cloud    |       |       |       |    13 |    14 ||    27
         Stone Arrow       |       |       |       |       |   388 ||   388
         Orb of Destructio |       |       |       |       |     6 ||     6
  Evoke: Wand              |       |       |     4 |     9 |       ||    13
    Use: Scroll            |     7 |       |     3 |    16 |     8 ||    34
         Potion            |       |       |       |    10 |     1 ||    11
 Armour: Robe              |    11 |     7 |    48 |    78 |     5 ||   149
         Scale mail        |       |       |       |       |    82 ||    82
         Plate armour      |       |       |       |       |    43 ||    43
  Dodge: Dodged            |    27 |    15 |    62 |   193 |   159 ||   456
  Block: Other             |       |       |       |       |     4 ||     4
         Reflection        |       |       |       |       |     1 ||     1
